 Dungeon Crawl Stone Soup version 0.27.0 (webtiles) character file.

Game seed: 12591385571551267189

470 ZARRMARR the Chucker (level 7, -7/57 HPs)
             Began as a Hill Orc Fighter on July 30, 2021.
             Was an Initiate of Beogh.
             Killed by divine providence
             ... invoked by an orc priest
              (11 damage)
             ... on level 4 of the Dungeon.
             The game lasted 00:20:04 (2972 turns).

ZARRMARR the Chucker (Hill Orc Fighter)             Turns: 2972, Time: 00:20:05

Health: -7/57      AC:  8    Str: 21    XL:     7   Next: 9%
Magic:  7/7        EV:  7    Int:  8    God:    Beogh [......]
Gold:   198        SH:  9    Dex: 10    Spells: 6/6 levels left

rFire    . . .     SeeInvis +   a - +0 war axe
rCold    . . .     Faith    .   c - +0 kite shield
rNeg     . . .     Spirit   .   b - +0 scale mail
rPois    .         Reflect  .   e - +0 helmet
rElec    .         Harm     .   (no cloak)
rCorr    .         Rampage  .   (no gloves)
Will     .....                  (no boots)
Stlth    ..........             (no amulet)
HPRegen  0.19/turn              p - ring of see invisible
MPRegen  0.10/turn              (no ring)

@: mighty
A: no striking features
a: Renounce Religion


You were on level 4 of the Dungeon.
You worshipped Beogh.
Beogh was noncommittal.
You visited 1 branch of the dungeon, and saw 4 of its levels.

You collected 218 gold pieces.
You spent 20 gold pieces at shops.

Inventory:

Hand Weapons
 a - a +0 war axe (weapon)
 w - a +1 dagger of venom
Missiles
 g - 136 stones
 i - 11 poisoned darts
 l - 2 boomerangs (quivered)
 o - 7 atropa-tipped darts
Armour
 b - a +0 scale mail (worn)
 c - a +0 kite shield (worn)
 e - a +0 helmet (worn)
 x - a +0 pair of boots
Jewellery
 p - a ring of see invisible (left hand)
 t - an amulet of magic regeneration
 u - an amulet of magic regeneration
Scrolls
 q - a scroll of enchant armour
 r - a scroll of enchant weapon {unknown}
 s - a scroll of silence {unknown}
 v - a scroll of vulnerability {unknown}
Potions
 f - 3 potions of berserk rage
 h - 2 potions of curing {unknown}
 j - a potion of flight {unknown}
 m - a potion of heal wounds {unknown}
 n - 2 potions of attraction


   Skills:
 - Level 3.6 Fighting
 - Level 3.1 Axes
 + Level 6.0 Throwing
 - Level 3.5 Armour
 - Level 0.1 Dodging
 - Level 3.6 Shields


You had 6 spell levels left.
You didn't know any spells.
Your spell library contained the following spells:

 Spells                   Type           Power      Damage    Failure   Level
 Beastly Appendage        Tmut           0%         N/A       99%         1
 Wereblood                Tmut           0%         N/A       100%        2
 Spider Form              Tmut/Pois      0%         N/A       100%        3


Dungeon Overview and Level Annotations

Branches:
Dungeon (4/15)
 Temple: D:4-7

Altars:

Shops:
D:2 [=*=

Annotations:
D:3 2 transporters


Message History

Unknown command.
You slash the phantom!
The phantom is heavily damaged.
The phantom hits you but does no damage.
You miss the phantom.
The phantom is heavily damaged.
The phantom hits you.
* * * LOW HITPOINT WARNING * * *
The phantom hits you but does no damage.
You completely miss the phantom.
The phantom is heavily damaged.
The phantom hits you but does no damage.
You completely miss the phantom.
The phantom is heavily damaged.
The phantom closely misses you. You block the phantom's attack.
You slash the phantom!
You destroy the phantom!
Beogh accepts your kill.
Your Throwing skill increases to level 6!
You have reached level 7!
Things that are here:
a +0 club; an orc corpse The orc priest looks braver for a moment.
The orc priest invokes the aid of Beogh against you.
Beogh smites you!
* * * LOW HITPOINT WARNING * * *
Throw: 2 boomerangs
Press: ? - help, Q - select action, (/) - cycle Shift-Dir - straight line, f - orc priest
Aim: an orc priest, wielding a +0 war axe (60% to hit)
You throw a boomerang. The boomerang hits the orc priest.
The orc priest is lightly wounded.
Throw: 2 boomerangs
Press: ? - help, Q - select action, (/) - cycle Shift-Dir - straight line, f/p - orc priest
Aim: an orc priest, wielding a +0 war axe (lightly wounded, 60% to hit)
You throw a boomerang.
The boomerang completely misses the orc priest.
The orc priest invokes the aid of Beogh against you.
Beogh smites you!
You die...
Beogh appreciates the orc priest's killing of a heretic priest.

# ###########
##.........#
...#######.#
#### #.# .#
#.########.#
.#
#)..o..@...#
.#
#.##########
.# #..
.#########.#.
..)o.o.....#..
.###########
.. .# ### ..
##


You could see an orc priest.

Vanquished Creatures
  A black bear (D:4)
  2 ogres (D:4)
  A phantom (D:4)
  An iguana (D:4)
  A howler monkey skeleton (D:4)
  3 adders (D:3)
  2 dart slugs (D:1)
  5 orcs (D:4)
  2 endoplasms
  2 giant cockroaches (D:1)
  8 goblins
  2 hobgoblins (D:1)
  9 jackals
  5 ball pythons
  3 bats
  3 frilled lizards
  8 kobolds
  5 rats
63 creatures vanquished.

Vanquished Creatures (others)
  A ball python (D:3)
  2 jackals (D:3)
  A kobold (D:3)
4 creatures vanquished.

Grand Total: 67 creatures vanquished

Notes
Turn   | Place    | Note
-------+----------+-------------------------------------------
     0 | D:1      | ZARRMARR the Hill Orc Fighter began the quest for the Orb.
     0 | D:1      | Reached XP level 1. HP: 19/19 MP: 1/1
   129 | D:1      | Reached XP level 2. HP: 23/26 MP: 2/2
   453 | D:1      | Found a faded altar of an unknown god.
   463 | D:1      | Reached skill level 1 in Throwing
   463 | D:1      | Reached XP level 3. HP: 31/31 MP: 3/3
   807 | D:2      | Found Fiur's Jewellery Shop.
   984 | D:2      | Found Puiqi's Armour Boutique.
  1128 | D:2      | Found Cifoh's Jewellery Boutique.
  1344 | D:2      | Found Nonuir's General Store.
  1347 | D:2      | Bought a scroll of identify for 20 gold pieces
  1352 | D:2      | Reached skill level 2 in Throwing
  1534 | D:3      | Became a worshipper of Beogh the Brigand
  1643 | D:3      | Reached XP level 4. HP: 28/39 MP: 4/4
  1786 | D:3      | Found a transporter.
  2114 | D:3      | Found a transporter.
  2357 | D:4      | Noticed a black bear
  2364 | D:4      | Killed a black bear
  2365 | D:4      | Reached skill level 4 in Throwing
  2365 | D:4      | Reached XP level 5. HP: 35/45 MP: 5/5
  2410 | D:4      | Noticed an ogre
  2415 | D:4      | Killed an ogre
  2416 | D:4      | Reached XP level 6. HP: 49/51 MP: 6/6
  2641 | D:4      | Reached skill level 5 in Throwing
  2964 | D:4      | Reached skill level 6 in Throwing
  2964 | D:4      | Reached XP level 7. HP: 13/57 MP: 7/7
  2972 | D:4      | Killed from afar by an orc priest

Illustrated notes

Levels and vault maps discovered:
D:1:      heliophobic_arrival_enchanted_forest, layout_rooms,
          shapermc_ecumenical_altar_notcrosses
D:2:      layout_basic, serial_shops, shop, nicolae_shop_behind_doors, shop,
          shop, hangedman_decor_opposing, minmay_misc_feat_rugged
D:3:      gammafunk_steamed_eel, layout_rooms, saegor_snake_ambush
D:4:      layout_loops_ring, nemelex_dance_club_becter,
          nicolae_ossuary_entry_plus, uniq_sigmund

Skill      XL: |  1  2  3  4  5  6 |
---------------+-------------------+-----
Axes           | 3 |  3.1
Throwing       | 1 2 4 6 |  6.0
Fighting       | |  3.6
Armour         | |  3.5
Dodging        | |  0.1
Shields        | |  3.6

Action                   |  1- 3 |  4- 6 |  7- 9 || total
-------------------------+-------+-------+-------++-------
Melee: War axe           |    92 |    51 |       ||   143
Throw: Stone             |    19 |       |       ||    19
       Dart              |    14 |       |       ||    14
       Boomerang         |    21 |    37 |     2 ||    60
Invok: Convert to Beogh  |     1 |       |       ||     1
  Use: Scroll            |     5 |     2 |       ||     7
       Potion            |       |     2 |       ||     2
Armor: Scale mail        |    70 |    21 |       ||    91
Dodge: Dodged            |    40 |    17 |       ||    57
Block: Kite shield       |    75 |    25 |       ||   100
